 Dungeon Crawl Stone Soup version 0.29-a0-362-g5854e031c7 (webtiles) character file.

Game seed: 992668212842213567

133 Sweeb the Cudgeller (level 5, -1/81 HPs)
             Began as an Ogre Gladiator on Apr 29, 2022.
             Slain by an orc
             ... wielding a +0 war axe
              (6 damage)
             ... on level 4 of the Dungeon.
             The game lasted 00:05:19 (4166 turns).

Sweeb the Cudgeller (Ogre Gladiator)                Turns: 4166, Time: 00:05:20

Health: -1/81      AC: 22    Str: 18    XL:     5   Next: 16%
Magic:  7/7        EV:  1    Int: 11    God:
Gold:   135        SH:  0    Dex: 10    Spells: 6/7 levels left

rFire   . . .      SeeInvis .   k - +0 whip (elec)
rCold   . . .      Faith    .   (no shield)
rNeg    . . .      Spirit   .   (body armour currently unavailable)
rPois   +          Reflect  .   (helmet currently unavailable)
rElec   .          Harm     .   (cloak currently unavailable)
rCorr   .          Rampage  .   (gloves unavailable)
Will    .....      NoTele   +   (boots unavailable)
Stlth   +.........              (no amulet)
HPRegen 0.23/turn               (no ring)
MPRegen 0.10/turn               (no ring)

@: confused, tree-form
A: stationary, stasis, torment immunity, boosted hp, large, unfitting armour,
(tough skin 1)
a: no special abilities


You were on level 4 of the Dungeon.
You were a tree.
You visited 1 branch of the dungeon, and saw 4 of its levels.

You collected 135 gold pieces.

Inventory:

Hand Weapons
 a - a +0 flail
 k - a +0 whip of electrocution (weapon)
Missiles
 d - 3 throwing nets (quivered)
 e - a large rock
Armour
 b - a +0 robe (melded)
 c - a +0 hat (melded)
 g - an orb of wrath
Wands
 m - a wand of iceblast (10)
 p - a wand of acid (13)
Scrolls
 f - 2 scrolls of identify
 i - a scroll of teleportation
 l - a scroll of fear {unknown}
 n - a scroll of magic mapping {unknown}
 o - a scroll of enchant armour {unknown}
Potions
 j - a potion of cancellation {unknown}


   Skills:
 + Level 3.8 Fighting
 * Level 3.9 Maces & Flails
 - Level 2.2 Throwing
 + Level 3.3 Dodging
 + Level 1.5 Spellcasting


You had 6 spell levels left.
You knew the following spells:

 Your Spells              Type           Power      Damage    Failure   Level
a - Summon Small Mammal   Summ           0%         N/A       30%         1

Your spell library contained the following spells:

 Spells                   Type           Power      Damage    Failure   Level
 Call Canine Familiar     Summ           0%         N/A       67%         3
 Summon Guardian Golem    Hex/Summ       0%         N/A       67%         3


Dungeon Overview and Level Annotations

Branches:
Dungeon (4/15)
 Temple: D:4-7

Altars:


Innate Abilities, Weirdness & Mutations

You are a tree.
Your roots penetrate the ground, keeping you stationary.
You cannot be teleported.
You are immune to unholy pain and torment.
Your maximum health is greatly increased.
Your equipment is partially melded.
You are too large for most types of armour.
((You have tough skin. (AC +1)))


Message History

You barely miss the orc.
The ufetubus hits you but does no damage. x2
Something hits you but does no damage. The orc hits you but does no damage.
The ufetubus hits you but does no damage. x2
You closely miss the orc.
You hear some strange, mumbled words.
A magic dart appears from out of thin air!
The magic dart hits you but does no damage.
The orc hits you but does no damage.
The ufetubus hits you but does no damage. x2
The orc hits you but does no damage. x2
You completely miss the orc.
The ufetubus hits you but does no damage. x2
Something hits you but does no damage. The orc hits you but does no damage. x2
The orc barely misses you.
You closely miss the ufetubus.
The ufetubus hits you but does no damage. x2
Something hits you but does no damage. The orc hits you but does no damage. x3
The ufetubus hits you but does no damage. x2
Unknown command.
You attack the rock wall.
The ufetubus hits you.
* * * LOW HITPOINT WARNING * * *
The ufetubus hits you but does no damage.
Something hits you but does no damage. The orc hits you with a +0 mace.
* * * LOW HITPOINT WARNING * * *
The orc hits you but does no damage. x2
Unknown command.
You closely miss the orc.
You feel less confused.
The ufetubus hits you but does no damage. x2
You hear some strange, mumbled words.
You are confused.
The orc hits you with a +0 mace.
* * * LOW HITPOINT WARNING * * *
The orc hits you but does no damage. x2
You nearly hit yourself!
The ufetubus hits you but does no damage. x4
Something hits you but does no damage. The orc hits you but does no damage.
The orc hits you with a +0 war axe.
You die...

#. #####.......
#.###.###...<.#
#.........##.##
##.##....##..# #.
##......## #.#
#...#### #..
#.....##
#.##5o{...#
#...o♣###..#
#...o## #..#
#....# #..# #....#
...
...##....######...
................o.
....##....######..
..........#
....#######


You could see 3 orcs and an ufetubus.

Vanquished Creatures
  An iguana (D:4)
  Robin (D:3)
  3 adders (D:2)
  A worm (D:3)
  4 dart slugs
  An orc (D:4)
  3 bats
  4 endoplasms
  A giant cockroach (D:1)
  10 goblins
  9 hobgoblins
  3 ball pythons
  4 frilled lizards
  7 kobolds
  4 rats
  A spectral kobold (D:1)
57 creatures vanquished.

Vanquished Creatures (others)
  4 plants (D:3)
4 creatures vanquished.

Grand Total: 61 creatures vanquished

Notes
Turn   | Place    | Note
-------+----------+-------------------------------------------
     0 | D:1      | Sweeb the Ogre Gladiator began the quest for the Orb.
     0 | D:1      | Reached XP level 1. HP: 22/22 MP: 1/1
   115 | D:1      | Reached XP level 2. HP: 25/29 MP: 2/2
   286 | D:1      | Found a faded altar of an unknown god.
   798 | D:1      | Reached XP level 3. HP: 24/37 MP: 3/3
  1192 | D:1      | Learned a level 1 spell: Summon Small Mammal
  2166 | D:2      | Reached XP level 4. HP: 39/45 MP: 5/5
  2293 | D:2      | Reached skill level 1 in Spellcasting
  3096 | D:3      | Noticed Robin
  3176 | D:3      | Killed Robin
  4086 | D:4      | Reached XP level 5. HP: 14/54 MP: 7/7
  4166 | D:4      | Slain by an orc

Illustrated notes

Levels and vault maps discovered:
D:1:      dpeg_arrival_court, layout_rooms,
          dreamdust_ecumenical_altar_drowned_temple
D:2:      layout_loops_cross
D:3:      layout_basic, serial_bayou, serial_bayou_lagoon_a,
          serial_bayou_shore_b, serial_bayou_ford_a, serial_bayou_shore_b,
          uniq_robin
D:4:      layout_rooms, fedhas_altar_3

Skill      XL: |  1  2  3  4 |
---------------+-------------+-----
Maces & Flails | 3 |  3.9
Fighting       | 3 |  3.8
Dodging        | 3 |  3.3
Spellcasting   | 1 |  1.5
Throwing       | |  2.2

Action                   |  1- 3 |  4- 6 || total
-------------------------+-------+-------++-------
Melee: Flail             |    15 |       ||    15
       Club              |   118 |       ||   118
       Whip              |    29 |    96 ||   125
Throw: Throwing net      |       |     1 ||     1
  Use: Scroll            |     6 |     1 ||     7
       Potion            |       |     2 ||     2
Armor: Robe              |    48 |    18 ||    66
       Skin              |       |    58 ||    58
Dodge: Dodged            |    99 |    42 ||   141

Table legend: (Time is in decaauts)
 A = Elapsed time spent in this place.
 B = Non-inter-level travel time spent in this place.
 C = Inter-level travel time spent in this place.
 D = Time resting spent in this place.
 E = Time spent auto-exploring this place.
 F = Levels seen in this place.
 G = Mean time per level.
                   A        B        C        D        E       F      G
               +--------+--------+--------+--------+--------+-----+--------+
         Total |   4197 |   4140 |     57 |   1461 |   2077 |   4 | 1049.2 |
       Dungeon |   4197 |   4140 |     57 |   1461 |   2077 |   4 | 1049.2 |
               +--------+--------+--------+--------+--------+-----+--------+

Top non-repeatable levels by time:
     D:3: 1458 daAuts
     D:2: 1352 daAuts
     D:1: 1281 daAuts
     D:4: 104 daAuts
